 Dungeon Crawl Stone Soup version 0.29-a0-559-g359e09b9d1 (webtiles) character file.

Game seed: 14759782891970251668

37 vulpzor the Chopper (level 3, -1/33 HPs)
             Began as a Hill Orc Monk on June 10, 2022.
             Was a Priest of Makhleb.
             Slain by Robin
             ... wielding a +0 spear
              (5 damage)
             ... on level 2 of the Dungeon.
             The game lasted 00:05:22 (1530 turns).

vulpzor the Chopper (Hill Orc Monk)                 Turns: 1530, Time: 00:05:23

Health: -1/33      AC:  3    Str: 15    XL:     3   Next: 39%
Magic:  3/3        EV: 12    Int: 10    God:    Makhleb [***...]
Gold:   53         SH:  0    Dex: 13    Spells: 2/2 levels left

rFire   + . .      SeeInvis .   e - +0 mace (holy)
rCold   . . .      Faith    .   (no shield)
rNeg    + . .      Spirit   .   d - +0 leather armour
rPois   .          Reflect  .   (no helmet)
rElec   +          Harm     .   (no cloak)
rCorr   .          Rampage  .   (no gloves)
Will    .....                   (no boots)
Stlth   +++.......              (no amulet)
HPRegen 0.11/turn               f - ring of Uzedghael {rElec rF+ rN+ Stlth+}
MPRegen 0.08/turn               (no ring)

@: no status effects
A: no striking features
a: Renounce Religion, Minor Destruction, Lesser Servant of Makhleb


You were on level 2 of the Dungeon.
You worshipped Makhleb.
Makhleb was most pleased with you.
You visited 1 branch of the dungeon, and saw 3 of its levels.

You collected 53 gold pieces.

Inventory:

Hand Weapons
 a - a +0 hand axe
 e - a +0 mace of holy wrath (weapon)
Armour
 b - a +1 robe
 d - a +0 leather armour (worn)
Jewellery
 f - the ring of Uzedghael (left hand) {rElec rF+ rN+ Stlth+}
   (You acquired it on level 1 of the Dungeon)

   [ring of protection from fire]

   rF:        It protects you from fire.
   rElec:     It insulates you from electricity.
   rN:        It protects you from negative energy.
   Stlth:     It makes you more stealthy.
 g - an amulet of magic regeneration
Potions
 c - a potion of ambrosia


   Skills:
 + Level 4.0 Fighting
 - Level 4.2(4.3) Axes
 + Level 1.0(2.3) Maces & Flails
 + Level 2.7 Dodging
 + Level 2.1 Stealth


You had 2 spell levels left.
You didn't know any spells.
Your spell library was empty.

Dungeon Overview and Level Annotations

Branches:
Dungeon (3/15)

Altars:
Makhleb

Annotations:
D:2 Robin


Message History

Robin closely misses you.
You hit Robin.
Robin is almost dead.
Robin hits you with a +0 spear.
You hit Robin but do no damage.
Robin is almost dead.
Robin hits you with a +0 spear. Robin barely misses you.
You barely miss Robin.
Robin is almost dead.
Robin hits you with a +0 spear.
You hit Robin but do no damage.
Robin is almost dead.
Robin misses you.
You closely miss Robin.
Robin is almost dead.
Robin barely misses you.
You closely miss Robin.
Robin is almost dead.
Robin hits you with a +0 spear. x2
You closely miss Robin.
Robin is almost dead.
Robin barely misses you.
You barely miss Robin.
Robin is severely wounded.
Robin hits you with a +0 spear.
* * * LOW HITPOINT WARNING * * *
You hit Robin but do no damage.
Robin is severely wounded.
Robin closely misses you. Robin barely misses you.
You hit Robin.
Robin is almost dead.
Robin barely misses you.
You completely miss Robin.
Robin is almost dead.
Robin hits you with a +0 spear.
* * * LOW HITPOINT WARNING * * *
You closely miss Robin.
Robin is almost dead.
Robin hits you with a +0 spear.
You die...

.. . #. ####.
#..... .
......#########
##..
#....@>)...##.....
####g#............
##..####.<.......
#..## #####.....
#)## #### ...
≈.... ♣≈♣♣... ≈
♣♣.g


You could see Robin.

Vanquished Creatures
  4 dart slugs (D:1)
  An endoplasm (D:1)
  9 goblins
  5 hobgoblins
  2 ball pythons (D:1)
  3 kobolds (D:1)
  2 rats (D:1)
26 creatures vanquished.

Vanquished Creatures (others)
  A bat (D:1)
  A fungus (D:1)
  5 plants (D:2)
7 creatures vanquished.

Grand Total: 33 creatures vanquished

Notes
Turn   | Place    | Note
-------+----------+-------------------------------------------
     0 | D:1      | vulpzor the Hill Orc Monk began the quest for the Orb.
     0 | D:1      | Reached XP level 1. HP: 19/19 MP: 1/1
   277 | D:1      | Reached XP level 2. HP: 23/27 MP: 2/2
   577 | D:1      | Found a faded altar of an unknown god.
   598 | D:1      | Prayed at the altar of an unknown god.
   598 | D:1      | Became a worshipper of Makhleb the Destroyer
   598 | D:1      | Reached * piety under Makhleb
   598 | D:1      | Reached ** piety under Makhleb
   911 | D:1      | Reached *** piety under Makhleb
   942 | D:1      | Identified a scroll of acquirement
   942 | D:1      | Acquired the ring of Uzedghael {rElec rF+ rN+ Stlth+}
  1173 | D:2      | Noticed Robin
  1182 | D:2      | Reached XP level 3. HP: 20/33 MP: 3/3
  1506 | D:2      | Reached skill level 1 in Maces & Flails
  1530 | D:2      | Slain by Robin

Illustrated notes

Levels and vault maps discovered:
D:1:      lightli_iron_boxes, layout_loops_ring,
          shapermc_ecumenical_altar_ellora, hangedman_decor_opposing,
          kennysheep_another_room, lemuel_old_faithful
D:2:      layout_rooms, serial_curves, eino_curves_03, eino_curves_03,
          eino_curves_04, serial_bayou_lake_a, uniq_natasha, uniq_robin
D:3:      layout_basic, nicolae_overflow_ecumenical_swirl,
          mainiacjoe_overflow_24_doors, serial_shops, nicolae_shop_hallway_plus,
          minmay_bisected

Skill      XL: |  1  2  3 |
---------------+----------+-----
Stealth        | 2 |  2.1
Fighting       | 4 |  4.0
Maces & Flails | 1 |  1.0
Axes           | |  4.2
Dodging        | |  2.7

Action                   || total
-------------------------++-------
Melee: Hand axe          ||    23
       Punch             ||     1
       Mace              ||    67
  Use: Scroll            ||     5
 Stab: Sleeping          ||     3
Armor: Robe              ||     5
       Leather armour    ||    16
Dodge: Dodged            ||    87

Table legend: (Time is in decaauts)
 A = Elapsed time spent in this place.
 B = Non-inter-level travel time spent in this place.
 C = Inter-level travel time spent in this place.
 D = Time resting spent in this place.
 E = Time spent auto-exploring this place.
 F = Levels seen in this place.
 G = Mean time per level.
                   A        B        C        D        E       F      G
               +--------+--------+--------+--------+--------+-----+--------+
         Total |   1551 |   1551 |      0 |    316 |    929 |   3 |  517.0 |
       Dungeon |   1551 |   1551 |      0 |    316 |    929 |   3 |  517.0 |
               +--------+--------+--------+--------+--------+-----+--------+

Top non-repeatable levels by time:
     D:1: 1169 daAuts
     D:3: 306 daAuts
     D:2: 75 daAuts
